 Dungeon Crawl Stone Soup version 0.24.0-123-gd5b16e6ec5 (webtiles) character file.

Game seed: 15813529142224693432, levelgen mode: deterministic

99 Emblim88 the Cudgeler (level 4, -6/44 HPs)
             Began as a Troll Berserker on Jan 13, 2020.
             Was a Believer of Trog.
             Mangled by an iron imp (8 damage)
             ... summoned by Natasha
             ... on level 2 of the Dungeon.
             The game lasted 00:02:19 (915 turns).

Emblim88 the Cudgeler (Troll Berserker)              Turns: 915, Time: 00:02:19

Health: -6/44      AC:  6    Str: 26    XL:     4   Next: 45%
Magic:  3/3        EV: 10    Int:  3    God:    Trog [**....]
Gold:   97         SH:  0    Dex:  9    Spells: 3/3 levels left

rFire    . . .     SeeInvis .   a - +0 mace
rCold    . . .     Gourm    +   (no shield)
rNeg     . . .     Faith    .   b - +0 animal skin
rPois    .         Spirit   .   (helmet restricted)
rElec    .         Reflect  .   (no cloak)
rCorr    .         Harm     .   (gloves unavailable)
MR       +....                  (boots unavailable)
Stlth    +.........             g - amulet of regeneration
HPRegen  0.94/turn              e - ring of protection from magic
MPRegen  0.08/turn              k - ring of wizardry

@: berserk cooldown, slowed, very slow
A: large, unfitting armour, claws 3, fast metabolism 3, gourmand, regeneration
1, shaggy fur 1, tough skin 3
a: Berserk, Trog's Hand, Renounce Religion


You were on level 2 of the Dungeon.
You worshipped Trog.
Trog was pleased with you.
You were very full.

You visited 1 branch of the dungeon, and saw 2 of its levels.

You collected 97 gold pieces.

Inventory:

Hand Weapons
 a - a +0 mace (weapon)
Armour
 b - a +0 animal skin (worn)
Jewellery
 e - a ring of protection from magic (left claw)
 g - an amulet of regeneration (around neck)
 k - a ring of wizardry (right claw)
Scrolls
 f - a scroll of identify {unknown}
 m - a scroll of blinking {unknown}
Potions
 d - a potion of heal wounds {unknown}
 h - a potion of might {unknown}
 j - a potion of invisibility {unknown}
 l - a potion of berserk rage {unknown}
Comestibles
 c - 4 rations
 i - 2 chunks of flesh


   Skills:
 + Level 2.7 Fighting
 * Level 3.6 Maces & Flails
 + Level 3.3 Dodging
 * Level 1.0 Unarmed Combat


You had 3 spell levels left.
You didn't know any spells.
Your spell library was empty.

Dungeon Overview and Level Annotations

Branches:
Dungeon (2/15)

Altars:
Ru

Annotations:
D:2 Natasha


Innate Abilities, Weirdness & Mutations

You are too large for most types of armour.
You have claws for hands.
Your metabolism is lightning-fast.
You like to eat raw meat.
Your natural rate of healing is unusually fast.
You are covered in fur. (AC +1)
You have extremely tough skin. (AC +3)


Message History

Natasha claws you.
You completely miss Natasha. The iron imp closely misses you.
The crimson imp blinks!
Natasha barely misses you. The iron imp hits you.
You hit Natasha but do no damage. Natasha claws you but does no damage.
Natasha casts a spell.
The iron imp hits you.
* * * LOW HITPOINT WARNING * * *
You hit Natasha.
Natasha is moderately wounded.
Natasha closely misses you. The iron imp hits you.
* * * LOW HITPOINT WARNING * * *
Natasha claws you.
* * * LOW HITPOINT WARNING * * *
The iron imp hits you but does no damage.
You hit Natasha.
Natasha is heavily wounded.
Natasha closely misses you. The iron imp hits you!
* * * LOW HITPOINT WARNING * * *
The iron imp hits you!
You die...

#......_....
#.##.#...#.#
#.##.##.##.#
#########.##.......#
#.....[...#####.####
#..(####### #.####
#..(## ......
#....## ..#...
#.5@5.# ###.
#.)h)...... ###.
###......## #...
.5.....# #.#.
.......# ..#.
##.....## ##.
##..... #.. ....#.
... ...


You could see 2 iron imps, Natasha and a crimson imp.

Vanquished Creatures
  Terence (D:2)
  Natasha (D:2)
  An ooze (D:1)
  2 worms (D:2)
  4 bats (D:1)
  3 giant cockroaches (D:1)
  6 goblins
  8 hobgoblins
  4 frilled lizards
  4 kobolds
  5 rats
39 creatures vanquished.

Notes
Turn   | Place    | Note
-------+----------+-------------------------------------------
     0 | D:1      | Emblim88 the Troll Berserker began the quest for the Orb.
     0 | D:1      | Reached XP level 1. HP: 22/22 MP: 0/0
   117 | D:1      | Reached XP level 2. HP: 29/29 MP: 1/1
   497 | D:1      | Reached XP level 3. HP: 36/36 MP: 2/2
   542 | D:1      | Reached ** piety under Trog
   768 | D:2      | Noticed Natasha
   774 | D:2      | Killed Natasha
   783 | D:2      | Reached skill level 1 in Unarmed Combat
   860 | D:2      | Found a sacrificial altar of Ru.
   891 | D:2      | Noticed Terence
   897 | D:2      | Reached XP level 4. HP: 30/44 MP: 3/3
   904 | D:2      | Noticed Natasha
   906 | D:2      | Killed Terence
   915 | D:2      | HP: 2/44 [iron imp[Natasha] (10)]
   915 | D:2      | Mangled by an iron imp

Levels and vault maps discovered:
D:1:      dpeg_arrival_chase, layout_loops_ring
D:2:      layout_rooms, tso_metal_star, nicolae_overflow_crystal_walls,
          uniq_jessica, uniq_crazy_yiuf_cottage, uniq_natasha, uniq_terence

Skill      XL: |  1  2  3 |
---------------+----------+-----
Maces & Flails | 3 |  3.6
Unarmed Combat | 1 |  1.0
Dodging        | 3 |  3.3
Fighting       | |  2.7

Action                   |  1- 3 |  4- 6 || total
-------------------------+-------+-------++-------
Melee: Mace              |   122 |    17 ||   139
Invok: Berserk           |       |     1 ||     1
  Eat: Chunk             |    14 |       ||    14
Armor: Animal skin       |    62 |     9 ||    71
Dodge: Dodged            |    90 |    13 ||   103
